 Dungeon Crawl Stone Soup version 0.24.0-125-gc4c63601f3 (webtiles) character file.

Game seed: 11254780338499938292, levelgen mode: deterministic

396 Peloso the Shield-Bearer (level 6, -1/53 HPs)
             Began as a Minotaur Fighter on Feb 20, 2020.
             Was an Initiate of Okawaru.
             Slain by an orc warrior
             ... wielding a +0 trident
              (5 damage)
             ... on level 7 of the Dungeon.
             The game lasted 00:06:25 (3398 turns).

Peloso the Shield-Bearer (Minotaur Fighter)         Turns: 3398, Time: 00:06:26

Health: -1/53      AC: 11    Str: 26    XL:     6   Next: 52%
Magic:  5/5        EV:  7    Int:  5    God:    Okawaru [......]
Gold:   151        SH: 10    Dex: 11    Spells: 5/5 levels left

rFire    . . .     SeeInvis .   a - +0 long sword
rCold    . . .     Gourm    .   c - +0 shield
rNeg     . . .     Faith    .   p - +0 chain mail
rPois    +         Spirit   .   (helmet restricted)
rElec    .         Reflect  .   (no cloak)
rCorr    .         Harm     .   h - +0 pair of gloves
MR       .....                  (no boots)
Stlth    ..........             (no amulet)
HPRegen  0.17/turn              m - ring of poison resistance
MPRegen  0.09/turn              (no ring)

@: mighty
A: retaliatory headbutt, horns 2
a: Renounce Religion


You were on level 7 of the Dungeon.
You worshipped Okawaru.
Okawaru was noncommittal.
You were not hungry.

You visited 1 branch of the dungeon, and saw 5 of its levels.

You collected 151 gold pieces.

Inventory:

Hand Weapons
 a - a +0 long sword (weapon)
Armour
 b - a +0 scale mail
 c - a +0 shield (worn)
 h - a +0 pair of gloves (worn)
 p - a +0 chain mail (worn)
Jewellery
 m - a ring of poison resistance (left hand)
Wands
 k - a wand of paralysis (4)
 o - a wand of iceblast (9)
Scrolls
 e - 3 scrolls of enchant weapon {unknown}
 g - 2 scrolls of remove curse {unknown}
 i - 2 scrolls of identify {unknown}
 j - a scroll of magic mapping {unknown}
 l - 3 scrolls of teleportation {unknown}
 n - 2 scrolls of immolation {unknown}
Potions
 d - a potion of might
Comestibles
 f - 5 rations


   Skills:
 + Level 4.7 Fighting
 + Level 5.1 Long Blades
 + Level 5.1 Armour
 + Level 1.1 Dodging
 + Level 5.6 Shields


You had 5 spell levels left.
You didn't know any spells.
Your spell library was empty.

Dungeon Overview and Level Annotations

Branches:
Dungeon (4/15)
 Temple: D:4-7

Altars:
Dithmenos
Okawaru
Ru
Vehumet
Yredelemnul

Shops:
D:7 [


Innate Abilities, Weirdness & Mutations

You reflexively headbutt those who attack you in melee.
You have a pair of horns on your head.


Message History

You block the orc warrior's attack.
You see here a hound corpse.
Unknown command.
You slash the orc warrior! Your headbutt misses the orc warrior.
The orc warrior is moderately wounded.
You block the shadow imp's attack.
The orc warrior hits you with a +0 trident!
You closely miss the orc warrior. You headbutt the orc warrior!
The orc warrior is heavily wounded.
The shadow imp barely misses you. You block the orc warrior's attack.
You closely miss the orc warrior.
The orc warrior is heavily wounded.
The shadow imp hits you.
The orc warrior hits you with a +0 trident!
* * * LOW HITPOINT WARNING * * *
You block the shadow imp's attack.
You hit the orc warrior.
The orc warrior is heavily wounded.
The orc warrior hits you with a +0 trident.
You die...

.....##...#
##.........### # ..)
............##.## ...
..(.......∩.. .## #..
#.........# ...#
##..###.........##...#
.....# #.............#
..#..###......)5@....#
..#...#........##o##..#
..............##...##
......#.......#)###.#.#
.##...#..##...#..|..#?#
..#..#...###..#.###.#.#
..#.##..## #..##...##.#
........# #...##.##..#
........#


You could see an orc warrior and a shadow imp.

Vanquished Creatures
  A centaur zombie (D:3)
  A hound (D:7)
  3 orc wizards
  An orc priest (D:4)
  Ijyb (D:3)
  A hound zombie (D:3)
  A howler monkey zombie (D:3)
  A gnoll (D:1)
  5 adders
  3 adder zombies (D:3)
  2 adder skeletons
  3 worms (D:2)
  4 dart slugs (D:1)
  2 leopard geckos
  8 orcs
  A ball python (D:2)
  13 bats
  6 giant cockroaches
  9 goblins
  3 hobgoblins
  2 jackals (D:2)
  A quokka (D:2)
  2 frilled lizards
  A giant cockroach zombie (D:3)
  A jackal skeleton (D:3)
  3 kobolds (D:1)
  A leopard gecko zombie (D:7)
  6 rats
86 creatures vanquished.

Vanquished Creatures (others)
  A frilled lizard (D:2)
1 creature vanquished.

Grand Total: 87 creatures vanquished

Notes
Turn   | Place    | Note
-------+----------+-------------------------------------------
     0 | D:1      | Peloso the Minotaur Fighter began the quest for the Orb.
     0 | D:1      | Reached XP level 1. HP: 19/19 MP: 0/0
    91 | D:1      | Reached XP level 2. HP: 12/27 MP: 1/1
   238 | D:1      | Reached XP level 3. HP: 24/33 MP: 2/2
   864 | D:2      | Found a faded altar of an unknown god.
   966 | D:2      | Reached XP level 4. HP: 41/41 MP: 3/3
  1002 | D:2      | HP: 2/41 [something (16)]
  1822 | D:2      | Found a radiant altar of Vehumet.
  1823 | D:2      | Found an iron altar of Okawaru.
  1831 | D:2      | Became a worshipper of Warmaster Okawaru
  2196 | D:3      | Reached XP level 5. HP: 36/47 MP: 4/4
  2270 | D:3      | Reached skill level 5 in Shields
  2349 | D:3      | Found a shadowy altar of Dithmenos.
  2437 | D:3      | Noticed Ijyb
  2460 | D:3      | Killed Ijyb
  2522 | D:3      | Found a sacrificial altar of Ru.
  2814 | D:3      | Found a basalt altar of Yredelemnul.
  2980 | D:4      | Reached skill level 1 in Dodging
  2980 | D:4      | Reached XP level 6. HP: 51/53 MP: 5/5
  3022 | D:4      | Reached skill level 5 in Long Blades
  3349 | D:4      | You fall into a shaft and drop 3 floors!
  3377 | D:7      | Found Geipha's Antique Armour Shop.
  3379 | D:7      | Noticed an orc warrior
  3385 | D:7      | Reached skill level 5 in Armour
  3398 | D:7      | Slain by an orc warrior

Levels and vault maps discovered:
D:1:      dpeg_arrival_three_same_balls, layout_basic, minmay_misc_feat_plants
D:2:      layout_basic, gammafunk_temple_overflow_pools,
          chequers_ecumenical_altar_simple_redux, lemuel_flame_loot_1
D:3:      layout_loops_cross, lemuel_coloured_pillars_altar,
          overflow_temple_1_default, nicolae_dithmenos_shadow_blocks,
          serial_undead, serial_undead_c, serial_undead_d, serial_undead_b,
          serial_undead_d, serial_undead_e, uniq_ijyb
D:4:      layout_gridville, marbit_many_paths, first_ration
D:7:      layout_cave_pools, minmay_temple_entry_fiery, serial_shops, shop,
          serial_column_ruins, column_ruins_grid_1,
          column_ruins_corridor_straight, column_ruins_grid_1,
          column_ruins_open_small, column_ruins_open_tiny, minmay_checkerbox

Skill      XL: |  1  2  3  4  5  6 |
---------------+-------------------+-----
Fighting       | 4 |  4.7
Shields        | 4 5 |  5.6
Armour         | 4 5 |  5.1
Long Blades    | 3 4 5 |  5.1
Dodging        | 1 |  1.1

Action                   |  1- 3 |  4- 6 || total
-------------------------+-------+-------++-------
Melee: Long sword        |    81 |   188 ||   269
       Headbutt          |    13 |    38 ||    51
  Use: Potion            |       |     6 ||     6
  Eat: Chunk             |       |     8 ||     8
Armor: Scale mail        |    59 |    60 ||   119
       Chain mail        |       |    42 ||    42
Dodge: Dodged            |    24 |    55 ||    79
Block: Shield            |    52 |   140 ||   192
       Rpst.: Long sword |     6 |    23 ||    29
